3AAA
SCRANTON SUPERNOVAS @ ALASKAN HUMPBACKS
09/13/2025
 
TOP OF THE 1ST
Scranton Supernovas batting - Pitching for Alaskan Humpbacks : LHP Hermenegildo Beliago
Pitching: LHP Hermenegildo Beliago
Batting: RHB Arturo Maldonado 0-0: Foul Ball, location: 2F
0-1: SINGLE (Line Drive, 56D)
Batting: SHB Alonso Solís 0-0: Called Strike
0-1: Foul Ball, location: 2F
0-2: Ball
1-2: Ball
2-2: Fielders Choice at 2nd, 6-4 (Groundball, 56)
Batting: LHB Héctor Torres 0-0: Ball
1-0: Ball
2-0: Foul Ball, location: 2F
2-1: Foul Ball, location: 2F
2-2: Fly out, F8 (Flyball, 8LM)
Batting: LHB Phillip Tinker 0-0: Called Strike
0-1: SINGLE (Groundball, 34D)
Alonso Solís to second
Throwing error, E9
Alonso Solís scores
Phillip Tinker to second
Batting: RHB Brad Jacobson 0-0: Called Strike
0-1: Swinging Strike
0-2: Ball
1-2: Ball
2-2: Foul Ball, location: 2F
2-2: Ground out 6-3 (Groundball, 6)
Top of the 1st over - 1 run(s), 2 hit(s), 1 error(s), 1 left on base; Scranton 1 - Alaskan 0
BOTTOM OF THE 1ST
Alaskan Humpbacks batting - Pitching for Scranton Supernovas : LHP Sammy Nash
Pitching: LHP Sammy Nash
Batting: LHB Ray Merrill 0-0: Foul Ball, location: 2F
0-1: Ball
1-1: Ball
2-1: Fly out, F4 (Popup, 4S)
Batting: RHB Pablo Marrero 0-0: Swinging Strike
0-1: Swinging Strike
0-2: Ball
1-2: Ball
2-2: Reached on error, E5 (Groundball, 56)
Batting: RHB Ramón Valdéz 0-0: Ball
1-0: Called Strike
1-1: Reached on error, E6 (Groundball, 6)
Pablo Marrero to second
Batting: RHB Román Centena 0-0: Fly out, F7 (Flyball, 7D)
Runner from 2nd tags up, SAFE at 3rd, no throw
Batting: SHB Tony Martínez 0-0: SINGLE (Flyball, 56D)
Pablo Marrero scores
Ramón Valdéz to second
Batting: RHB Thom Beach 0-0: SINGLE (Flyball, 78S)
Ramón Valdéz to third
Tony Martínez to second
Runner from 3rd tries for Home, SAFE, no throw
Batting: RHB Jack Peck 0-0: Called Strike
0-1: Ball
1-1: Fielders Choice at 2nd, 6-4 (Groundball, 6)
Bottom of the 1st over - 2 run(s), 2 hit(s), 2 error(s), 1 left on base; Scranton 1 - Alaskan 2
TOP OF THE 2ND
Scranton Supernovas batting - Pitching for Alaskan Humpbacks : LHP Hermenegildo Beliago
Batting: RHB Arturo Rochel 0-0: SINGLE (Groundball, 6D)
Batting: LHB Francisco Ortega 0-0: Grounds into double play, 4-6-3 (Groundball, 34)
Batting: RHB Keith MacKey 0-0: Ball
1-0: Fly out, F8 (Flyball, 78M)
Top of the 2nd over - 0 run(s), 1 hit(s), 0 error(s), 0 left on base; Scranton 1 - Alaskan 2
BOTTOM OF THE 2ND
Alaskan Humpbacks batting - Pitching for Scranton Supernovas : LHP Sammy Nash
Batting: RHB Néstor Berino 0-0: Ball
1-0: Fly out, F7 (Flyball, 7S)
Batting: LHB Miguel Martínez 0-0: Called Strike
0-1: Called Strike
0-2: Foul Ball, location: 2F
0-2: Fly out, F7 (Flyball, 7S)
Batting: LHB Ray Merrill 0-0: Ball
1-0: Foul Ball, location: 2F
1-1: Foul Ball, location: 2F
1-2: Fly out, F8 (Flyball, 78S)
Bottom of the 2nd over - 0 run(s), 0 hit(s), 0 error(s), 0 left on base; Scranton 1 - Alaskan 2
TOP OF THE 3RD
Scranton Supernovas batting - Pitching for Alaskan Humpbacks : LHP Hermenegildo Beliago
Batting: SHB Neil Nash 0-0: DOUBLE (Flyball, 8RM)
Batting: RHB Arturo Maldonado 0-0: Ball
1-0: Ball
2-0: Ball
3-0: Called Strike
3-1: SINGLE (Line Drive, 4D)
Neil Nash to third
Batting: SHB Alonso Solís 0-0: Called Strike
0-1: Ball
1-1: SINGLE (Line Drive, 4D)
Neil Nash scores
Arturo Maldonado to second
Batting: LHB Héctor Torres 0-0: SINGLE (Line Drive, 9S)
Arturo Maldonado to third
Alonso Solís to second
Runner from 3rd tries for Home, SAFE, no throw
Batting: LHB Phillip Tinker 0-0: Called Strike
0-1: Foul Ball, location: 2F
0-2: Strikes out looking
Batting: RHB Brad Jacobson 0-0: Foul Ball, location: 2F
0-1: Called Strike
0-2: Ball
Wild Pitch!
Alonso Solís to third
Héctor Torres to second
1-2: Fly out, F8 (Flyball, 8LD)
Runner from 3rd tags up, SCORES, no throw
Batting: RHB Arturo Rochel 0-0: Called Strike
0-1: Foul Ball, location: 2F
0-2: Fly out, F9 (Flyball, 9S)
Top of the 3rd over - 3 run(s), 4 hit(s), 0 error(s), 1 left on base; Scranton 4 - Alaskan 2
BOTTOM OF THE 3RD
Alaskan Humpbacks batting - Pitching for Scranton Supernovas : LHP Sammy Nash
Batting: RHB Pablo Marrero 0-0: Called Strike
0-1: Foul Ball, location: 2F
0-2: Foul Ball, location: 2F
0-2: Ball
1-2: Ball
2-2: Fly out, F3 (Popup, 34)
Batting: RHB Ramón Valdéz 0-0: Called Strike
0-1: Foul Ball, location: 2F
0-2: Ball
1-2: Strikes out swinging
Batting: RHB Román Centena 0-0: Swinging Strike
0-1: Ball
1-1: Called Strike
1-2: Foul Ball, location: 2F
1-2: Foul Ball, location: 2F
1-2: Ball
2-2: Ball
3-2: Foul Ball, location: 2F
3-2: Fly out, F8 (Flyball, 78S)
Bottom of the 3rd over - 0 run(s), 0 hit(s), 0 error(s), 0 left on base; Scranton 4 - Alaskan 2
TOP OF THE 4TH
Scranton Supernovas batting - Pitching for Alaskan Humpbacks : LHP Hermenegildo Beliago
Batting: LHB Francisco Ortega 0-0: Ground out 3-1 (Groundball, 34)
Batting: RHB Keith MacKey 0-0: Fly out, F9 (Flyball, 89S)
Batting: SHB Neil Nash 0-0: Swinging Strike
0-1: Swinging Strike
0-2: Strikes out swinging
Top of the 4th over - 0 run(s), 0 hit(s), 0 error(s), 0 left on base; Scranton 4 - Alaskan 2
BOTTOM OF THE 4TH
Alaskan Humpbacks batting - Pitching for Scranton Supernovas : LHP Sammy Nash
Batting: SHB Tony Martínez 0-0: Ball
1-0: Foul Ball, location: 2F
1-1: Ball
2-1: Ball
3-1: Foul Ball, location: 2F
3-2: Strikes out looking
Batting: RHB Thom Beach 0-0: Ball
1-0: Swinging Strike
1-1: Foul Ball, location: 2F
1-2: Ball
2-2: Strikes out swinging
Batting: RHB Jack Peck 0-0: Fly out, F8 (Flyball, 89M)
Bottom of the 4th over - 0 run(s), 0 hit(s), 0 error(s), 0 left on base; Scranton 4 - Alaskan 2
TOP OF THE 5TH
Scranton Supernovas batting - Pitching for Alaskan Humpbacks : LHP Hermenegildo Beliago
Batting: RHB Arturo Maldonado 0-0: Called Strike
0-1: Ground out 5-3 (Groundball, 56S)
Batting: SHB Alonso Solís 0-0: Fly out, F8 (Flyball, 8RXD)
Batting: LHB Héctor Torres 0-0: Ball
1-0: Ball
2-0: Ball
3-0: Called Strike
3-1: Called Strike
3-2: Base on Balls
Batting: LHB Phillip Tinker 0-0: Ball
1-0: Foul Ball, location: 2F
1-1: Ball
2-1: Ball
3-1: Base on Balls
Héctor Torres to second
Batting: RHB Brad Jacobson 0-0: Ground out 1-3 (Groundball, 15S)
Top of the 5th over - 0 run(s), 0 hit(s), 0 error(s), 2 left on base; Scranton 4 - Alaskan 2
BOTTOM OF THE 5TH
Alaskan Humpbacks batting - Pitching for Scranton Supernovas : LHP Sammy Nash
Batting: RHB Néstor Berino 0-0: Foul Ball, location: 2F
0-1: Ball
1-1: Called Strike
1-2: Fly out, F9 (Flyball, 9S)
Batting: LHB Miguel Martínez 0-0: Reached on error, E5 (Groundball, 56)
Batting: LHB Ray Merrill 0-0: Ball
1-0: Called Strike
1-1: Ball
2-1: Ball
Miguel Martínez is caught stealing 2nd base
3-1: Foul Ball, location: 2F
3-2: Fly out, F8 (Flyball, 8LD)
Bottom of the 5th over - 0 run(s), 0 hit(s), 1 error(s), 0 left on base; Scranton 4 - Alaskan 2
TOP OF THE 6TH
Scranton Supernovas batting - Pitching for Alaskan Humpbacks : LHP Hermenegildo Beliago
Batting: RHB Arturo Rochel 0-0: Ground out 6-3 (Groundball, 6)
Batting: LHB Francisco Ortega 0-0: Ground out 3-1 (Groundball, 34)
Batting: RHB Keith MacKey 0-0: Ball
1-0: SINGLE (Groundball, 5L) (infield hit)
Batting: SHB Neil Nash 0-0: Ball
1-0: Ball
2-0: Called Strike
2-1: Fly out, F8 (Flyball, 8LS)
Top of the 6th over - 0 run(s), 1 hit(s), 0 error(s), 1 left on base; Scranton 4 - Alaskan 2
BOTTOM OF THE 6TH
Alaskan Humpbacks batting - Pitching for Scranton Supernovas : LHP Sammy Nash
Batting: RHB Pablo Marrero 0-0: Ball
1-0: Fly out, F7 (Line Drive, 7)
Batting: RHB Ramón Valdéz 0-0: Called Strike
0-1: Swinging Strike
0-2: Strikes out swinging
Batting: RHB Román Centena 0-0: Fly out, F9 (Flyball, 89S)
Bottom of the 6th over - 0 run(s), 0 hit(s), 0 error(s), 0 left on base; Scranton 4 - Alaskan 2
TOP OF THE 7TH
Scranton Supernovas batting - Pitching for Alaskan Humpbacks : LHP Hermenegildo Beliago
Batting: RHB Arturo Maldonado 0-0: Called Strike
0-1: Foul Ball, location: 2F
0-2: Ball
1-2: Foul Ball, location: 2F
1-2: Foul Ball, location: 2F
1-2: Ball
2-2: Ball
3-2: Base on Balls
Batting: SHB Alonso Solís 0-0: Bunted foul
0-1: Ball
1-1: Sac Bunt - play at first, batter OUT! 1-4
Arturo Maldonado to second
Batting: LHB Héctor Torres 0-0: Ball
1-0: Ball
2-0: SINGLE (Groundball, 4MD)
Arturo Maldonado to third
Runner from 3rd tries for Home, SAFE, no throw
Pitching: RHP Mike Russell
Batting: LHB Phillip Tinker 0-0: Called Strike
0-1: Ball
1-1: Ball
2-1: Fly out, F3 (Popup, 3L)
Batting: RHB Brad Jacobson 0-0: Swinging Strike
0-1: Foul Ball, location: 2F
0-2: Foul Ball, location: 2F
0-2: Foul Ball, location: 2F
0-2: Ball
1-2: Strikes out swinging
Top of the 7th over - 1 run(s), 1 hit(s), 0 error(s), 1 left on base; Scranton 5 - Alaskan 2
BOTTOM OF THE 7TH
Alaskan Humpbacks batting - Pitching for Scranton Supernovas : LHP Sammy Nash
Batting: SHB Tony Martínez 0-0: Ball
1-0: Swinging Strike
1-1: Ground out 4-3 (Groundball, 4)
Batting: RHB Thom Beach 0-0: Ground out 1-3 (Groundball, P)
Batting: RHB Jack Peck 0-0: Swinging Strike
0-1: SINGLE (Line Drive, 89S)
Batting: RHB Néstor Berino 0-0: Called Strike
0-1: Called Strike
Jack Peck is caught stealing 2nd base
Bottom of the 7th over - 0 run(s), 1 hit(s), 0 error(s), 0 left on base; Scranton 5 - Alaskan 2
TOP OF THE 8TH
Scranton Supernovas batting - Pitching for Alaskan Humpbacks : RHP Mike Russell
Batting: RHB Arturo Rochel 0-0: Ball
1-0: Called Strike
1-1: Foul Ball, location: 2F
1-2: Strikes out swinging passed ball, reaches first!
Batting: LHB Francisco Ortega 0-0: Bunted foul
0-1: Bunted foul
0-2: Ball
1-2: Ball
2-2: Fielders Choice at 2nd, 4-6 (Groundball, 4)
Batting: RHB Keith MacKey 0-0: Ball
1-0: Ball
2-0: Called Strike
2-1: Grounds into double play, 5-4-3 (Groundball, 56)
Top of the 8th over - 0 run(s), 0 hit(s), 0 error(s), 0 left on base; Scranton 5 - Alaskan 2
BOTTOM OF THE 8TH
Alaskan Humpbacks batting - Pitching for Scranton Supernovas : LHP Sammy Nash
Batting: RHB Néstor Berino 0-0: Ball
1-0: Called Strike
1-1: Ball
2-1: Foul Ball, location: 2F
2-2: Foul Ball, location: 2F
2-2: Ball
3-2: Base on Balls
Batting: LHB Miguel Martínez 0-0: Ball
1-0: Ball
2-0: Fielders Choice at 2nd, 2-4 (Groundball, 2L)
Batting: LHB Ray Merrill 0-0: Ball
1-0: Ball
2-0: Swinging Strike
2-1: SINGLE (Groundball, 34D)
Miguel Martínez to second
Runner from 2nd tries for 3rd, SAFE, no throw
Batting: RHB Pablo Marrero 0-0: Foul Ball, location: 2F
0-1: Fielders Choice at 2nd, 5-4 (Groundball, 56)
Miguel Martínez scores
Pitching: RHP Cor Snel
Batting: RHB Ramón Valdéz 0-0: Ball
Pickoff Throw to First - Out!
Bottom of the 8th over - 1 run(s), 1 hit(s), 0 error(s), 0 left on base; Scranton 5 - Alaskan 3
TOP OF THE 9TH
Scranton Supernovas batting - Pitching for Alaskan Humpbacks : RHP Mike Russell
Pitching: LHP Iemochi Tsuchiya
Batting: SHB Neil Nash 0-0: Called Strike
0-1: Ground out 4-3 (Groundball, 4)
Pitching: LHP Jim Unknown
Batting: RHB Arturo Maldonado 0-0: Called Strike
0-1: Ball
1-1: Swinging Strike
1-2: Fly out, F9 (Flyball, 9LM)
Batting: SHB Alonso Solís 0-0: Ball
1-0: Swinging Strike
1-1: Ball
2-1: Foul Ball, location: 2F
2-2: Ball
3-2: Base on Balls
Batting: LHB Héctor Torres 0-0: Foul Ball, location: 2F
0-1: Foul Ball, location: 2F
0-2: Ball
Alonso Solís steals 2nd base
1-2: Strikes out looking
Top of the 9th over - 0 run(s), 0 hit(s), 0 error(s), 1 left on base; Scranton 5 - Alaskan 3
BOTTOM OF THE 9TH
Alaskan Humpbacks batting - Pitching for Scranton Supernovas : RHP Cor Snel
Batting: RHB Ramón Valdéz 0-0: Called Strike
0-1: Ground out 5-3 (Groundball, 56S)
Pitching: RHP Bill Maddox
Batting: RHB Román Centena 0-0: Fly out, F9 (Line Drive, 9D)
Batting: SHB Tony Martínez 0-0: Ball
1-0: Ball
2-0: Ball
3-0: Base on Balls
Pinch Hitting: LHB Jim Unknown 0-0: Called Strike
0-1: Ball
1-1: Swinging Strike
1-2: Ball
2-2: Strikes out looking
Bottom of the 9th over - 0 run(s), 0 hit(s), 0 error(s), 1 left on base; Scranton 5 - Alaskan 3
Friday, December 30th, 2016 - OOTP Baseball 17.12 Build 75